Map: Catalyst LE

Players

Awers

  • Race: Terran Terran
  • Spawn Location: 5:00

Savage - Winner!

  • Race: Zerg Zerg
  • League: Master
  • Spawn Location: 11:00

VOD

Have the link to the VOD?

Description

Time

  • Played on: July 14, 2018, 9:17 p.m.
  • Length: 26:26
Show
View Real Time Build Order
Export as new Build Order

Awers Terran 

Build Orders: Reaper Expand 

Get SALT Encoding   

  12  0:00  SCV  
  13  0:13  SCV  
  14  0:17  Supply Depot  
  14  0:25  SCV  
  15  0:29  Refinery  
  15  0:39  SCV  
  16  0:45  Barracks  
  16  0:51  SCV  
  17  1:03  SCV  
  18  1:15  SCV  
  19  1:32  Orbital Command  
  19  1:33  Reaper  
  20  1:45  Command Center  
  20  1:55  Factory  
  20  2:00  SCV  
  21  2:07  Barracks Reactor  
  21  2:12  SCV  
  22  2:16  Supply Depot  
  22  2:21  Refinery  
  22  2:26  SCV  
  23  2:38  SCV  
  24  2:45  Starport  
  24  2:47  Hellion  
  24  2:48  Hellion  
  24  2:50  SCV  
  29  2:58  Orbital Command  
  29  3:04  SCV  
  30  3:10  Barracks Tech Lab  
  34  3:26  Widow Mine x2  
  34  3:29  Bunker  
  34  3:32  SCV x2  
  34  3:33  Banshee  
  38  3:36  Marine  
  39  3:43  Supply Depot  
  39  3:44  SCV  
  39  3:46  SCV  
  37  4:04  Cyclone  
  37  4:05  SCV  
  41  4:10  Cyclone  
  41  4:16  SCV  
  45  4:17  SCV  
  46  4:26  Banshee  
  46  4:30  SCV  
  50  4:32  SCV  
  51  4:42  SCV  
  52  4:47  Supply Depot  
  52  4:48  Armory  
  52  4:49  SCV  
  53  5:02  SCV  
  53  5:04  Supply Depot  
  54  5:09  SCV, Banshee, Hellion x2  
  62  5:17  Supply Depot  
  62  5:26  SCV x2  
  64  5:29  Supply Depot  
  64  5:30  Cyclone x2  
  70  5:38  SCV  
  71  5:44  Terran Vehicle Weapons Level 1  
  71  5:45  SCV  
  72  5:52  Supply Depot  
  72  5:57  SCV  
  72  6:02  Hellion x2  
  77  6:04  Command Center  
  77  6:14  SCV  
  77  6:16  Refinery x2  
  78  6:20  Factory  
  63  6:26  Cyclone, Hellion  
  63  6:27  SCV  
  59  6:38  SCV  
  59  6:39  SCV  
  61  6:48  Hellion  
  53  7:05  Cyclone  
  53  7:06  SCV  
  47  7:09  Siege Tank, Hellion  
  45  7:26  SCV  
  45  7:35  Orbital Command  
  43  7:38  SCV  
  43  7:55  SCV  
  43  7:57  Siege Tank  
  47  8:01  SCV  
  48  8:07  Hellion  
  48  8:08  SCV  
  51  8:16  Command Center  
  51  8:22  SCV x2  
  53  8:32  Factory  
  54  8:34  SCV  
  54  8:41  SCV  
  54  8:43  Siege Tank  
  54  8:46  Terran Vehicle Weapons Level 2, SCV  
  59  8:53  SCV  
  60  8:57  Supply Depot  
  60  8:58  Supply Depot, SCV  
  61  9:04  Starport Reactor  
  61  9:05  SCV  
  61  9:08  Supply Depot  
  62  9:19  SCV x2, Hellion x2  
  68  9:25  Siege Tank, Factory Tech Lab  
  68  9:28  Supply Depot  
  68  9:29  Orbital Command  
  71  9:31  SCV x2  
  73  9:43  Cyclone x2, SCV  
  80  9:47  Siege Tank  
  80  9:50  SCV  
  84  10:01  SCV  
  84  10:03  Siege Tank, Orbital Command  
  88  10:09  Factory  
  88  10:12  SCV  
  88  10:14  SCV  
  87  10:16  Supply Depot  
  87  10:24  Hellion x2  
  87  10:25  Siege Tank  
  94  10:31  Infernal Pre-Igniter  
  94  10:33  SCV  
  95  10:40  SCV  
  95  10:41  Starport Reactor, SCV  
  96  10:45  SCV  
  96  10:48  Hellion  
  97  10:51  Supply Depot  
  97  10:52  SCV  
  97  10:55  SCV  
  102  11:01  SCV, Factory  
  102  11:03  Thor  
  106  11:06  Terran Vehicle And Ship Armor Level 1  
  106  11:07  SCV  
  107  11:14  SCV  
  107  11:17  Supply Depot  
  107  11:18  SCV  
  109  11:26  Siege Tank, Hellion x3  
  109  11:29  Liberator  
  118  11:33  SCV, Liberator  
  118  11:36  Supply Depot x3, SCV  
  120  11:40  SCV  
  120  11:42  Refinery x2  
  120  11:45  SCV  
  121  11:51  SCV  
  121  11:53  Factory Tech Lab  
  123  12:01  Engineering Bay  
  123  12:09  Hellion x2  
  123  12:15  Thor, Command Center  
  129  12:26  Siege Tank x2  
  129  12:27  Hellion x2  
  139  12:35  Viking x2  
  140  12:46  Hellion  
  139  12:52  Hellion x2  
  139  12:57  Thor  
  149  12:58  Supply Depot  
  149  12:59  Supply Depot  
  149  13:05  Viking x2  
  151  13:10  Supply Depot  
  151  13:12  Thor  
  153  13:20  Terran Vehicle Weapons Level 3  
  153  13:28  Widow Mine x2  
  157  13:37  Missile Turret  
  157  13:38  Missile Turret  
  155  13:48  Siege Tank, Hellion x3  
  145  13:59  Cyclone  
  145  14:00  Hellion  
  146  14:04  SCV x2  
  146  14:05  SCV  
  149  14:11  Viking x2  
  149  14:12  Siege Tank  
  149  14:13  Hellion x2  
  149  14:16  SCV  
  161  14:22  SCV x2  
  163  14:24  Planetary Fortress  
  163  14:28  SCV  
  163  14:29  Missile Turret  
  163  14:30  Sensor Tower  
  163  14:31  Missile Turret  
  164  14:33  Siege Tank x2  
  170  14:38  Starport  
  170  14:52  Viking  
  170  14:53  Viking  
  170  14:57  Refinery  
  170  14:58  Starport  
  170  15:05  Siege Tank x2, Hellion x2  
  168  15:19  Refinery  
  162  15:23  Starport  
  162  15:26  Viking x2  
  163  15:45  Siege Tank, Hellion x2  
  163  15:47  Siege Tank, Hellion x3  
  163  15:48  Viking  
  143  15:59  Medivac x2  
  147  16:07  Hellion x2  
  151  16:12  Siege Tank  
  151  16:13  Starport Tech Lab  
  151  16:17  Siege Tank  
  151  16:18  SCV x2  
  159  16:26  Sensor Tower  
  159  16:27  Starport Tech Lab  
  159  16:35  Command Center  
  159  16:41  Hellion x2  
  157  16:55  Siege Tank, Hellion x3  
  164  17:14  Raven x2, Starport Tech Lab  
  168  17:16  Siege Tank, Thor, Hellion  
  173  17:32  Raven  
  169  17:48  Siege Tank, Hellion  
  168  18:04  Thor x3  
  168  18:05  Factory Tech Lab, Hellion  
  174  18:10  Hellion  
  169  18:20  Siege Tank  
  169  18:24  Thor, Viking x2  
  169  18:25  Hellion  
  169  18:26  Hellion  
  154  18:42  Hellion  
  154  18:43  Viking  
  154  18:46  Siege Tank  
  154  18:47  Hellion  
  154  18:48  Hellion  
  156  18:49  Banshee  
  156  18:50  Banshee  
  162  19:04  Siege Tank, Hellion  
  162  19:07  Hellion  
  169  19:12  Missile Turret  
  155  19:24  Hellion  
  155  19:25  Siege Tank, Hellion  
  155  19:27  Hellion  
  155  19:28  Siege Tank  
  164  19:32  Banshee  
  164  19:33  Banshee  
  164  19:36  Hellion  
  169  19:38  Banshee  
  174  19:46  Siege Tank, Hellion  
  174  19:49  Hellion  
  179  19:57  Hellion  
  179  19:58  Hellion  
  183  20:00  Siege Tank  
  188  20:07  Hellion  
  188  20:10  Hellion  
  182  20:17  Banshee  
  182  20:18  Siege Tank, Banshee, Hellion  
  178  20:23  Planetary Fortress, SCV  
  178  20:24  SCV x2  
  179  20:38  Raven  
  175  21:06  Siege Tank, Hellion x2  
  176  21:14  Raven x2  
  176  21:16  SCV  
  180  21:23  Banshee  
  180  21:25  Liberator x2  
  183  21:29  Cloaking Field  
  183  21:36  Refinery  
  183  21:38  Refinery  
  177  22:05  Siege Tank, Hellion  
  139  22:11  Siege Tank, Hellion x2  
  139  22:12  Banshee x2  
  139  22:14  Hellion  
  146  22:28  Orbital Command  
  146  22:29  Raven  
  148  22:31  Orbital Command  
  148  22:45  Missile Turret  
  145  22:55  Siege Tank, Hellion  
  145  22:56  Hellion  
  140  23:01  SCV  
  129  23:08  SCV x2  
  129  23:09  Siege Tank  
  129  23:10  Hellion x2  
  134  23:24  Raven  
  136  23:31  Terran Vehicle And Ship Armor Level 2  
  136  23:36  SCV, Hellion x2  
  136  23:37  SCV x2  
  141  23:47  Missile Turret  
  141  23:49  Missile Turret, SCV  
  138  24:08  Siege Tank, Hellion  
  131  24:10  Siege Tank, Hellion  
  132  24:17  SCV x3  
  134  24:25  Siege Tank  
  134  24:26  Hellion  
  134  24:29  SCV x2  
  134  24:30  Hellion  
  139  24:31  Hellion  
  139  24:40  Siege Tank, Missile Turret x2  
  142  24:46  SCV x3  
  145  24:53  Raven  
  145  24:58  Orbital Command  
  147  25:11  Hellion x3  
  145  25:19  Siege Tank, Hellion x4  
  156  25:27  Widow Mine  
  158  25:29  SCV x2  
  158  25:30  Raven  
  156  25:37  SCV  
  156  25:40  Refinery x2, Widow Mine x2  
Show
View Real Time Build Order
Export as new Build Order

Savage Zerg - Winner!

Build Orders: Pool First 

Get SALT Encoding   

  12  0:00  Drone  
  13  0:13  Drone  
  14  0:15  Extractor  
  14  0:21  Overlord  
  14  0:27  Extractor  
  14  0:28  Drone  
  15  0:40  Drone x2  
  17  0:49  Spawning Pool  
  16  0:50  Drone  
  17  1:11  Hatchery  
  16  1:13  Drone  
  17  1:18  Extractor  
  17  1:22  Drone x2  
  18  1:36  Zergling x2  
  18  1:37  Queen  
  21  1:45  Drone  
  22  1:51  Overlord  
  22  2:01  Drone, Roach Warren  
  22  2:13  Queen  
  24  2:22  Queen  
  26  2:40  Roach  
  26  2:41  Roach  
  26  2:42  Roach x2  
  34  2:46  Overlord  
  34  2:54  Drone x2  
  35  3:13  Ravager  
  35  3:14  Ravager  
  35  3:17  Drone x3  
  35  3:18  Drone  
  35  3:19  Overlord  
  41  3:34  Drone x2  
  43  3:35  Overlord  
  43  3:44  Drone x6  
  47  4:00  Drone x2  
  49  4:03  Extractor  
  49  4:04  Queen  
  49  4:05  Queen  
  52  4:14  Metabolic Boost  
  52  4:16  Drone x4  
  56  4:30  Overlord  
  56  4:31  Overlord  
  51  4:40  Spore Crawler x2  
  49  4:50  Overlord  
  49  5:00  Roach  
  49  5:01  Roach x3  
  49  5:04  Roach  
  59  5:08  Hatchery  
  59  5:12  Roach  
  60  5:17  Roach x6  
  72  5:32  Overlord x2  
  72  5:33  Overlord  
  72  5:47  Spore Crawler, Zergling x8  
  75  5:52  Zergling x10  
  80  6:00  Ravager  
  80  6:01  Ravager x3  
  80  6:03  Zergling x4  
  86  6:13  Zergling x4  
  85  6:23  Zergling x16  
  74  6:37  Zergling x8  
  75  6:40  Ravager x2  
  73  6:49  Zergling x6  
  73  6:53  Zergling x4  
  75  6:56  Ravager  
  75  6:59  Zergling x2  
  75  7:04  Queen  
  75  7:05  Lair  
  74  7:10  Drone x3  
  72  7:22  Drone x3  
  71  7:26  Extractor  
  71  7:27  Evolution Chamber  
  69  7:32  Drone x3  
  72  7:39  Extractor  
  72  7:40  Queen  
  72  7:41  Spore Crawler  
  72  7:50  Drone x2  
  72  7:51  Drone x5  
  73  7:53  Zerg Missile Weapons Level 1  
  73  7:55  Evolution Chamber  
  74  7:59  Queen  
  76  8:07  Glial Reconstitution  
  76  8:09  Hydralisk Den  
  76  8:10  Overseer  
  75  8:15  Queen  
  77  8:27  Drone x2  
  77  8:28  Drone x13  
  77  8:30  Extractor, Zerg Ground Armor Level 1  
  91  8:34  Spore Crawler  
  91  8:40  Muscular Augments  
  90  8:47  Extractor  
  89  8:50  Drone  
  89  8:53  Drone  
  88  9:06  Pneumatized Carapace  
  88  9:08  Overseer  
  88  9:10  Drone  
  88  9:11  Drone  
  88  9:13  Hydralisk x3, Drone  
  95  9:21  Hydralisk x2  
  96  9:30  Hatchery  
  95  9:33  Drone x2  
  95  9:35  Overlord x5  
  97  9:48  Overlord x2  
  97  9:57  Infestation Pit  
  96  10:00  Hydralisk x4  
  96  10:01  Hydralisk x5  
  114  10:19  Zerg Missile Weapons Level 2  
  114  10:21  Roach x8  
  130  10:30  Overlord x3  
  130  10:34  Roach x2  
  133  10:47  Roach x3  
  133  10:48  Roach x3  
  145  10:54  Hive  
  145  10:59  Roach  
  145  11:00  Roach x3  
  145  11:03  Ravager  
  154  11:05  Ravager x2  
  154  11:09  Drone x3  
  159  11:13  Drone x6  
  162  11:24  Zerg Ground Armor Level 2  
  162  11:25  Drone x5  
  159  11:37  Roach x6  
  171  11:54  Extractor  
  171  11:55  Overlord x2  
  170  12:07  Spine Crawler  
  170  12:08  Spine Crawler x2, Viper x3  
  171  12:10  Spine Crawler  
  175  12:18  Drone  
  176  12:47  Zerg Missile Weapons Level 3  
  173  13:15  Hydralisk x12  
  197  13:25  Overseer  
  197  13:26  Overseer  
  197  13:30  Drone  
  183  13:44  Drone x12  
  159  13:58  Viper x2  
  159  14:01  Hydralisk x6  
  161  14:16  Zerg Ground Armor Level 3  
  161  14:18  Drone x3  
  161  14:19  Drone x4  
  161  14:20  Extractor  
  167  14:24  Roach x3  
  167  14:25  Roach x11  
  195  14:44  Overlord x2  
  190  14:52  Spine Crawler  
  187  15:05  Drone x2  
  183  15:09  Drone x2  
  183  15:10  Drone x4  
  183  15:13  Roach  
  183  15:14  Roach x7  
  198  15:41  Unknown  
  175  15:49  Roach  
  141  15:50  Roach x16  
  135  15:58  Drone x10  
  143  16:11  Swarm Host x9  
  143  16:12  Swarm Host  
  173  16:23  Hatchery  
  173  16:24  Swarm Host x6  
  190  16:33  Hatchery  
  189  16:44  Overlord x2  
  189  16:48  Zerg Melee Weapons Level 1  
  186  17:24  Swarm Host  
  186  17:25  Swarm Host x5  
  189  17:55  Swarm Host x3  
  198  18:07  Ravager  
  195  18:27  Spine Crawler  
  195  18:29  Spine Crawler, Roach x2  
  195  18:30  Roach x2  
  179  18:42  Roach x9  
  179  18:43  Roach x2  
  199  19:30  Hatchery  
  198  19:33  Swarm Host x2  
  196  20:04  Ravager x2  
  180  20:15  Roach x6  
  180  20:16  Roach x9  
  194  20:27  Zerg Melee Weapons Level 2  
  182  20:45  Roach  
  182  20:46  Roach x9  
  191  21:01  Hydralisk  
  191  21:02  Hydralisk x5  
  200  21:10  Spore Crawler  
  193  21:12  Spore Crawler x2  
  193  21:15  Spore Crawler, Hydralisk x5  
  191  21:31  Spore Crawler, Hydralisk  
  191  21:32  Hydralisk x5  
  199  21:45  Overseer x3  
  175  22:04  Hydralisk  
  175  22:05  Hydralisk x16  
  183  22:09  Spore Crawler  
  180  22:18  Drone x6  
  180  22:19  Drone x4  
  190  22:35  Hatchery  
  190  22:36  Queen  
  160  23:08  Roach  
  160  23:09  Roach x18  
  198  23:19  Overseer  
  198  23:24  Hydralisk  
  197  23:47  Spire  
  164  24:11  Hydralisk  
  164  24:12  Hydralisk x10  
  186  24:18  Overlord x2  
  186  24:21  Queen  
  182  24:26  Drone x8  
  182  24:29  Overseer  
  180  24:37  Ravager  
  180  24:38  Ravager  
  178  24:39  Hydralisk x5, Ravager  
  187  25:04  Roach x6  
Tags
 
Add a new tag
Caveats
  • Supply blocks, unpowered buildings, or Contaminate may cause inaccurate times.
  • Supply counts are checked every 10 seconds.